 Dungeon Crawl Stone Soup version 0.24-a0-475-g5b41c6f198 (webtiles) character file.

Game seed: 9813188496730052188

95 Wormgod the Skirmisher (level 4, -4/40 HPs)
             Began as a Hill Orc Fighter on July 5, 2019.
             Was a Plaything of Xom.
             Splashed by Ijyb's acid (16 damage)
             ... on level 3 of the Dungeon.
             The game lasted 00:06:09 (2148 turns).

Wormgod the Skirmisher (Hill Orc Fighter)           Turns: 2148, Time: 00:06:10

Health: -4/40      AC:  9    Str: 19      XL:     4   Next: 65%
Magic:  4/4        EV:  7    Int:  7 (8)  God:    Xom [......]
Gold:   97         SH:  9    Dex: 10      Spells: 3/3 levels left

rFire    . . .     SeeInvis .   a - +1 war axe
rCold    + . .     Gourm    .   c - +0 shield
rNeg     . . .     Faith    .   b - +0 scale mail
rPois    .         Spirit   .   (no helmet)
rElec    .         Reflect  .   i - +0 cloak
rCorr    .         Harm     .   p - +0 pair of gloves
MR       .....                  (no boots)
Stlth    ..........             (no amulet)
HPRegen  0.13/turn              m - ring of protection from cold
MPRegen  0.09/turn              (no ring)

@: no status effects
A: deterioration 1
a: Renounce Religion


You were on level 3 of the Dungeon.
You worshipped Xom.
You were a very special plaything of Xom.
You were not hungry.

You visited 1 branch of the dungeon, and saw 3 of its levels.

You collected 97 gold pieces.

Inventory:

Hand Weapons
 a - a +1 war axe (weapon)
Armour
 b - a +0 scale mail (worn)
 c - a +0 shield (worn)
 i - a +0 cloak (worn)
 p - a +0 pair of gloves (worn)
Jewellery
 m - a ring of protection from cold (left hand)
 s - an uncursed ring of wizardry {unknown}
Scrolls
 r - 2 scrolls of identify
Potions
 d - 2 potions of might
 e - 2 potions of curing {unknown}
 g - a potion of brilliance {unknown}
 h - 3 potions of lignification {unknown}
 j - a potion of heal wounds {unknown}
 o - a potion of haste {unknown}
 q - a potion of invisibility {unknown}
 t - 2 potions of resistance {unknown}
Comestibles
 f - 3 rations
 v - a chunk of flesh


   Skills:
 + Level 4.2 Fighting
 + Level 3.9 Axes
 + Level 3.9 Armour
 + Level 0.6 Dodging
 + Level 4.0 Shields


You had 3 spell levels left.
You didn't know any spells.
Your spell library was empty.

Dungeon Overview and Level Annotations

Branches:
Dungeon (3/15)

Altars:
Ashenzari
Nemelex Xobeh
Trog
Xom
Yredelemnul

Annotations:
D:3 Ijyb


Innate Abilities, Weirdness & Mutations

Your body sometimes deteriorates upon taking damage.


Message History

You eat one of the 3 chunks of flesh.
This raw flesh tastes terrible.
Some of the chunks of flesh in your inventory have rotted away.
HP restored.
There is a stone staircase leading down here.
You climb downwards.
Level annotation: Ijyb You block the kobold's attack.
There is a stone staircase leading up here.
You slash the kobold!
You kill the kobold!
Things that are here:
a +0 short sword; 11 gold pieces; a kobold corpse
There is a stone staircase leading up here.
You see here an adder corpse.
Ijyb zaps a wand.
The bolt of acid hits you!
You are splashed with acid!
Ijyb zaps a wand.
The bolt of acid hits you.
* * * LOW HITPOINT WARNING * * *
You are splashed with acid!
You die...
Xom cackles wildly!

..))..# #.# ##...g.#####
......# #.# #...K...#
(##...##### #.# ##.......# .
#.......######.####........# .
#...###.........(.(?.......# #
#...###..).....#####.......#
###.....⌠.⌠.#....# #.......#
......#.._..#...g# #.......#
########⌠.⌠.#...@#####.........
##...#.................#
#####...†############# #.).<#
#..).# #....# ######


You could see Ijyb.

Vanquished Creatures
  An adder (D:3)
  An ooze (D:1)
  3 worms (D:2)
  A dart slug (D:2)
  2 leopard geckos
  3 giant cockroaches (D:1)
  9 hobgoblins
  3 jackals (D:1)
  6 bats
  2 frilled lizards (D:1)
  4 goblins
  3 kobolds
  5 rats
43 creatures vanquished.

Vanquished Creatures (collateral kills)
  A crimson imp (D:3)
  An adder (D:3)
  A bat (D:3)
  A hobgoblin (D:3)
4 creatures vanquished.

Vanquished Creatures (others)
  A leopard gecko (D:3)
1 creature vanquished.

Grand Total: 48 creatures vanquished

Notes
Turn   | Place    | Note
-------+----------+-------------------------------------------
     0 | D:1      | Wormgod the Hill Orc Fighter began the quest for the Orb.
     0 | D:1      | Reached XP level 1. HP: 19/19 MP: 1/1
   239 | D:1      | Reached XP level 2. HP: 27/27 MP: 2/2
   741 | D:1      | Reached XP level 3. HP: 33/33 MP: 3/3
  1078 | D:2      | Found a shattered altar of Ashenzari.
  1079 | D:2      | Found a shimmering altar of Xom.
  1082 | D:2      | Found a bloodstained altar of Trog.
  1091 | D:2      | Became a worshipper of The Xom-Meister,
                  | Xom-a-lom-a-ding-dong
  1152 | D:2      | Found a basalt altar of Yredelemnul.
  1178 | D:2      | XOM: harmless Tmut miscast
  1318 | D:2      | XOM: harmless Chrm miscast
  1587 | D:2      | XOM: give mutations
  1587 | D:2      | Gained mutation: You are weak. (Str -2) [Xom's mischief]
  1587 | D:2      | Lost mutation: You are weak. (Str -2) [Xom's mischief]
  1587 | D:2      | Gained mutation: Your body sometimes deteriorates upon
                  | taking damage. [Xom's mischief]
  1717 | D:3      | Found a sparkling altar of Nemelex Xobeh.
  1762 | D:3      | Reached XP level 4. HP: 23/40 MP: 4/4
  1939 | D:3      | Noticed Ijyb
  2148 | D:3      | Splashed by Ijyb's acid

Levels and vault maps discovered:
D:1:      dpeg_arrival_tiny_k, layout_loops_corners
D:2:      layout_basic, lemuel_round_altar,
          chequers_temple_overflow_statue_of_worship
D:3:      layout_rooms, nemelex_xobeh_ov_fountains_minmay, cheibriados_altar_1,
          uniq_ijyb

Skill      XL: |  1  2  3  4 |
---------------+-------------+-----
Fighting       | 4 |  4.2
Axes           | 3 |  3.9
Shields        | 4 |  4.0
Armour         | |  3.9
Dodging        | |  0.6

Action                   |  1- 3 |  4- 6 || total
-------------------------+-------+-------++-------
Melee: War axe           |   126 |    13 ||   139
  Use: Scroll            |     1 |     4 ||     5
  Eat: Chunk             |     3 |     1 ||     4
Armor: Scale mail        |    73 |    10 ||    83
Dodge: Dodged            |    51 |     9 ||    60
Block: Shield            |    66 |    14 ||    80

Table legend:
 A = Non-vault XP
 B = Vault XP
 C = Vault XP percentage of total XP
 D = Non-vault monster count
 E = Vault monster count
 F = Vault count percentage of total count
                 A         B        C        D         E       F
            +---------+---------+-------+---------+---------+-------
      Total |     136 |       0 |   0.0 |      47 |       0 |   0.0
            +---------+---------+-------+---------+---------+-------
        D:1 |      36 |       0 |   0.0 |      19 |       0 |   0.0
        D:2 |      34 |       0 |   0.0 |      14 |       0 |   0.0
        D:3 |      66 |       0 |   0.0 |      14 |       0 |   0.0
            +---------+---------+-------+---------+---------+-------
